MID
GREENVILLE DRIVE @ BELOIT SNAPPERS
05/30/2045
 
TOP OF THE 1ST
Greenville Drive batting - Pitching for Beloit Snappers : RHP Brad Shafer
Pitching: RHP Brad Shafer
Batting: RHB John Chiesa 0-0: Ball
1-0: Ball
2-0: Called Strike
2-1: Ball
3-1: Foul Ball, location: 2F
3-2: Ground out U3 (Groundball, 34S, EV 86.9 MPH)
Batting: LHB Frank Olivo 0-0: Ball
1-0: Ground out U3 (Groundball, 3, EV 91.9 MPH)
Batting: LHB Jarrett Mordecai 0-0: Foul Ball, location: 2F
0-1: Fly out, F5 (Popup, 15, EV 82.5 MPH)
Top of the 1st over - 0 runs, 0 hits, 0 errors, 0 left on base; Greenville 0 - Beloit 0
BOTTOM OF THE 1ST
Beloit Snappers batting - Pitching for Greenville Drive : RHP Mike Schroeder
Pitching: RHP Mike Schroeder
Batting: LHB Larry Prey 0-0: Ground out U3 (Groundball, 3S, EV 64.4 MPH)
Batting: RHB Armando Estrada 0-0: Ball
1-0: Called Strike
1-1: Called Strike
1-2: SINGLE (Groundball, 56D, EV 106.9 MPH)
Batting: LHB Tommy King 0-0: Called Strike
0-1: Ball
Armando Estrada is caught stealing 2nd base 2-6
1-1: SOLO HOME RUN (Flyball, 9D, EV 95.0 MPH), Distance : 353 ft
Batting: LHB Chance Stever 0-0: Ball
1-0: Ball
2-0: Swinging Strike
2-1: Foul Ball, location: 2F
2-2: SOLO HOME RUN (Flyball, 78XD, EV 100.0 MPH), Distance : 380 ft
Batting: RHB Jonathan Gallup 0-0: Called Strike
0-1: Ground out 3-1 (Groundball, 13, EV 91.2 MPH)
Bottom of the 1st over - 2 runs, 3 hits, 0 errors, 0 left on base; Greenville 0 - Beloit 2
TOP OF THE 2ND
Greenville Drive batting - Pitching for Beloit Snappers : RHP Brad Shafer
Batting: LHB Sergio Tinoco 0-0: Ball
1-0: Swinging Strike
1-1: DOUBLE (Groundball, 3L, EV 95.6 MPH)
Batting: RHB Jose Diaz 0-0: Called Strike
0-1: Swinging Strike
0-2: Ball
1-2: Fly out, F5 (Line Drive, 5, EV 72.5 MPH)
Lined into DP, 5-4 (Line Drive, 5, EV 73.8 MPH)
Batting: RHB Dave Nickerson 0-0: Foul Ball, location: 2F
0-1: Ball
1-1: Swinging Strike
1-2: Fly out, F4 (Popup, 4D, EV 60.6 MPH)
Top of the 2nd over - 0 runs, 1 hit, 0 errors, 0 left on base; Greenville 0 - Beloit 2
BOTTOM OF THE 2ND
Beloit Snappers batting - Pitching for Greenville Drive : RHP Mike Schroeder
Batting: LHB Juan Villafana 0-0: Ground out 5-3 (Groundball, 56, EV 100.0 MPH)
Batting: RHB Eduardo Chavez 0-0: Called Strike
0-1: Foul Ball, location: 2F
0-2: Ball
1-2: Strikes out swinging, 2-3 out at first.
Batting: RHB Edgar Landim 0-0: Foul Ball, location: 2F
0-1: Fly out, F9 (Flyball, 89M, EV 90.0 MPH)
Bottom of the 2nd over - 0 runs, 0 hits, 0 errors, 0 left on base; Greenville 0 - Beloit 2
TOP OF THE 3RD
Greenville Drive batting - Pitching for Beloit Snappers : RHP Brad Shafer
Batting: RHB Adugna Chandu 0-0: Ball
1-0: Called Strike
1-1: Foul Ball, location: 2F
1-2: Foul Ball, location: 2F
1-2: Strikes out looking
Batting: RHB Larry Brocato 0-0: Called Strike
0-1: Called Strike
0-2: Ball
1-2: Ball
2-2: Ground out 5-3 (Groundball, 56, EV 104.4 MPH)
Batting: RHB Joel Vazquez 0-0: Called Strike
0-1: Ground out 6-3 (Groundball, 6, EV 76.2 MPH)
Top of the 3rd over - 0 runs, 0 hits, 0 errors, 0 left on base; Greenville 0 - Beloit 2
BOTTOM OF THE 3RD
Beloit Snappers batting - Pitching for Greenville Drive : RHP Mike Schroeder
Batting: SHB John Cummings 0-0: Ground out 4-3 (Groundball, 34D, EV 110.0 MPH)
Batting: LHB Larry Prey 0-0: Foul Ball, location: 2F
0-1: Ball
1-1: Fly out, F9 (Line Drive, 9D, EV 103.8 MPH)
Batting: RHB Armando Estrada 0-0: Called Strike
0-1: Ball
1-1: Fly out, F7 (Flyball, 78M, EV 91.2 MPH)
Bottom of the 3rd over - 0 runs, 0 hits, 0 errors, 0 left on base; Greenville 0 - Beloit 2
TOP OF THE 4TH
Greenville Drive batting - Pitching for Beloit Snappers : RHP Brad Shafer
Batting: RHB John Chiesa 0-0: Ball
1-0: Swinging Strike
1-1: Ball
2-1: Foul Ball, location: 2F
2-2: DOUBLE (Line Drive, 78M, EV 99.4 MPH)
Batting: LHB Frank Olivo 0-0: Swinging Strike
0-1: Called Strike
0-2: Ball
1-2: Foul Ball, location: 2F
1-2: Foul Ball, location: 2F
1-2: Foul Ball, location: 2F
1-2: Foul Ball, location: 2F
1-2: SINGLE (Line Drive, 8RS, EV 104.4 MPH)
John Chiesa to third
Batting: LHB Jarrett Mordecai 0-0: Foul Ball, location: 2F
0-1: Called Strike
0-2: Foul Ball, location: 2F
0-2: 3-RUN HOME RUN (Flyball, 78XD, EV 98.8 MPH), Distance : 394 ft
Batting: LHB Sergio Tinoco 0-0: Ground out 4-3 (Groundball, 34, EV 86.9 MPH)
Batting: RHB Jose Diaz 0-0: Ball
1-0: Ball
2-0: Swinging Strike
2-1: Fly out, F9 (Line Drive, 9, EV 102.5 MPH)
Batting: RHB Dave Nickerson 0-0: Called Strike
0-1: SOLO HOME RUN (Flyball, 7D, EV 93.8 MPH), Distance : 369 ft
Batting: RHB Adugna Chandu 0-0: Foul Ball, location: 2F
0-1: Ball
1-1: Swinging Strike
1-2: Strikes out swinging
Top of the 4th over - 4 runs, 4 hits, 0 errors, 0 left on base; Greenville 4 - Beloit 2
BOTTOM OF THE 4TH
Beloit Snappers batting - Pitching for Greenville Drive : RHP Mike Schroeder
Batting: LHB Tommy King 0-0: Called Strike
0-1: Ball
1-1: Foul Ball, location: 2F
1-2: Ball
2-2: Foul Ball, location: 2F
2-2: Foul Ball, location: 2F
2-2: SINGLE (Groundball, 5D, EV 104.4 MPH)
Batting: LHB Chance Stever 0-0: Ball
1-0: Ball
2-0: Ball
3-0: Base on Balls
Tommy King to second
Batting: RHB Jonathan Gallup 0-0: Called Strike
0-1: Ball
1-1: 3-RUN HOME RUN (Flyball, 8RXD, EV 99.4 MPH), Distance : 406 ft
Batting: LHB Juan Villafana 0-0: Ball
1-0: Called Strike
1-1: Ball
2-1: Foul Ball, location: 2F
2-2: Strikes out looking
Batting: RHB Eduardo Chavez 0-0: Ball
1-0: Ball
2-0: Ground out 1-3 (Groundball, 34S, EV 56.9 MPH)
Batting: RHB Edgar Landim 0-0: Called Strike
0-1: Ball
1-1: Foul Ball, location: 2F
1-2: Foul Ball, location: 2F
1-2: Ball
2-2: Foul Ball, location: 2F
2-2: Ball
3-2: SINGLE (Groundball, 6D, EV 97.5 MPH)
Pitching: RHP Marcus Golightly
Batting: SHB John Cummings 0-0: Called Strike
0-1: Foul Ball, location: 2F
0-2: Foul Ball, location: 2F
0-2: SINGLE (Line Drive, 8LS, EV 105.6 MPH)
Edgar Landim to second
Batting: LHB Larry Prey 0-0: Ball
1-0: Called Strike
1-1: Ball
2-1: Ground out 4-3 (Groundball, 34, EV 101.2 MPH)
Bottom of the 4th over - 3 runs, 4 hits, 0 errors, 2 left on base; Greenville 4 - Beloit 5
TOP OF THE 5TH
Greenville Drive batting - Pitching for Beloit Snappers : RHP Brad Shafer
Batting: RHB Larry Brocato 0-0: Ball
1-0: Fly out, F9 (Flyball, 89S, EV 86.9 MPH)
Batting: RHB Joel Vazquez 0-0: Called Strike
0-1: Swinging Strike
0-2: Ball
1-2: Ball
2-2: Ball
3-2: Foul Ball, location: 2F
3-2: Foul Ball, location: 2F
3-2: Foul Ball, location: 2F
3-2: DOUBLE (Groundball, 5L, EV 101.9 MPH)
Pinch Runner at 2nd Nick Ameen:
Batting: RHB John Chiesa 0-0: Called Strike
0-1: Ball
1-1: Called Strike
1-2: Fly out, F8 (Line Drive, 8RD, EV 98.8 MPH)
Batting: LHB Frank Olivo 0-0: Ball
1-0: Foul Ball, location: 2F
1-1: SINGLE (Groundball, 34D, EV 103.8 MPH)
Nick Ameen to third
Runner from 3rd tries for Home, SAFE, throw by RF to home
Pitching: RHP Ari Kuusinen
Batting: LHB Jarrett Mordecai 0-0: Ball
1-0: Called Strike
1-1: Swinging Strike
1-2: Strikes out swinging
Top of the 5th over - 1 run, 2 hits, 0 errors, 1 left on base; Greenville 5 - Beloit 5
BOTTOM OF THE 5TH
Beloit Snappers batting - Pitching for Greenville Drive : RHP Marcus Golightly
Now at 3B: Nick Ameen
Batting: RHB Armando Estrada 0-0: Called Strike
0-1: Ball
1-1: SINGLE (Groundball, 56D, EV 97.5 MPH)
Batting: LHB Tommy King 0-0: Ball
1-0: Ball
2-0: Ball
3-0: Base on Balls
Armando Estrada to second
Batting: LHB Chance Stever 0-0: Ball
1-0: Called Strike
1-1: SINGLE (Groundball, 6D, EV 95.0 MPH)
Armando Estrada to third
Tommy King to second
Runner from 3rd tries for Home, SAFE, throw by CF to home
Batting: RHB Jonathan Gallup 0-0: Called Strike
0-1: Ball
1-1: Ball
2-1: Grounds into double play, 6-4-3 (Groundball, 6, EV 91.2 MPH)
Tommy King to third
Batting: LHB Juan Villafana 0-0: Ball
1-0: Called Strike
1-1: Fly out, F8 (Flyball, 78D, EV 100.6 MPH)
Bottom of the 5th over - 1 run, 2 hits, 0 errors, 1 left on base; Greenville 5 - Beloit 6
TOP OF THE 6TH
Greenville Drive batting - Pitching for Beloit Snappers : RHP Ari Kuusinen
Batting: LHB Sergio Tinoco 0-0: Called Strike
0-1: Fly out, F8 (Flyball, 8LD, EV 100.0 MPH)
Batting: RHB Jose Diaz 0-0: Ball
1-0: Ball
2-0: Called Strike
2-1: Fly out, F7 (Flyball, 7LM, EV 102.5 MPH)
Batting: RHB Dave Nickerson 0-0: Called Strike
0-1: Called Strike
0-2: Ball
1-2: Strikes out swinging
Top of the 6th over - 0 runs, 0 hits, 0 errors, 0 left on base; Greenville 5 - Beloit 6
BOTTOM OF THE 6TH
Beloit Snappers batting - Pitching for Greenville Drive : RHP Marcus Golightly
Batting: RHB Eduardo Chavez 0-0: Ball
1-0: Called Strike
1-1: Ball
2-1: Foul Ball, location: 2F
2-2: Foul Ball, location: 2F
2-2: Foul Ball, location: 2F
2-2: Ball
3-2: Strikes out swinging
Batting: RHB Edgar Landim 0-0: SINGLE (Line Drive, 6D, EV 95.6 MPH)
Batting: SHB John Cummings 0-0: Called Strike
0-1: Swinging Strike
0-2: Ball
1-2: Ball
2-2: Reached on error, E6 (Groundball, 4, EV 88.1 MPH)
Edgar Landim to second
Pitching: RHP Ricardo Bautista
Batting: LHB Larry Prey Pickoff Throw to Second - Error! E1
Edgar Landim to third
John Cummings to second
0-0: Called Strike
0-1: SINGLE (Flyball, 4MD, EV 92.5 MPH)
Edgar Landim scores
John Cummings to third
Batting: RHB Armando Estrada 0-0: Called Strike
0-1: Ball
1-1: Ball
2-1: Ball
3-1: Base on Balls
Larry Prey to second
Pitching: LHP Dallas Watters
Batting: LHB Tommy King 0-0: DOUBLE (Line Drive, 89D, EV 107.5 MPH)
John Cummings scores
Larry Prey scores
Armando Estrada to third
Batting: LHB Chance Stever 0-0: Called Strike
0-1: Called Strike
0-2: Strikes out looking
Batting: RHB Jonathan Gallup 0-0: Ball
1-0: Foul Ball, location: 2F
1-1: Foul Ball, location: 2F
1-2: Ball
2-2: Ground out 6-3 (Groundball, 6, EV 94.4 MPH)
Bottom of the 6th over - 3 runs, 3 hits, 2 errors, 2 left on base; Greenville 5 - Beloit 9
TOP OF THE 7TH
Greenville Drive batting - Pitching for Beloit Snappers : RHP Ari Kuusinen
Now in LF: Jonathan McDaniel
Batting: RHB Adugna Chandu 0-0: Ground out 6-3 (Groundball, 56D, EV 87.5 MPH)
Batting: RHB Larry Brocato 0-0: Ball
1-0: Foul Ball, location: 2F
1-1: Ground out U3 (Groundball, 13, EV 80.0 MPH)
Batting: RHB Nick Ameen 0-0: Called Strike
0-1: DOUBLE (Line Drive, 7LM, EV 105.6 MPH)
Batting: RHB John Chiesa 0-0: Ball
1-0: Called Strike
1-1: Called Strike
1-2: Ball
2-2: Strikes out swinging
Top of the 7th over - 0 runs, 1 hit, 0 errors, 1 left on base; Greenville 5 - Beloit 9
BOTTOM OF THE 7TH
Beloit Snappers batting - Pitching for Greenville Drive : LHP Dallas Watters
Pitching: RHP Wing-chiu Ya
Batting: LHB Juan Villafana 0-0: Ball
1-0: Foul Ball, location: 2F
1-1: Ball
2-1: Fly out, F9 (Flyball, 9D, EV 93.8 MPH)
Batting: RHB Eduardo Chavez 0-0: Foul Ball, location: 2F
0-1: Ball
1-1: Foul Ball, location: 2F
1-2: Ball
2-2: Strikes out swinging
Batting: RHB Edgar Landim 0-0: Ground out 4-3 (Groundball, 4, EV 86.2 MPH)
Bottom of the 7th over - 0 runs, 0 hits, 0 errors, 0 left on base; Greenville 5 - Beloit 9
TOP OF THE 8TH
Greenville Drive batting - Pitching for Beloit Snappers : RHP Ari Kuusinen
Batting: LHB Frank Olivo 0-0: Ball
1-0: Called Strike
1-1: Foul Ball, location: 2F
1-2: Ground out 6-3 (Groundball, 6, EV 108.1 MPH)
Batting: LHB Jarrett Mordecai 0-0: Foul Ball, location: 2F
0-1: Foul Ball, location: 2F
0-2: Ball
1-2: Ball
2-2: SINGLE (Flyball, 8RS, EV 87.5 MPH)
Batting: LHB Sergio Tinoco 0-0: Ball
1-0: Foul Ball, location: 2F
1-1: Called Strike
1-2: Strikes out looking
Batting: RHB Jose Diaz 0-0: Ball
1-0: Foul Ball, location: 2F
1-1: SINGLE (Groundball, 34D, EV 105.6 MPH)
Jarrett Mordecai to second
Runner from 2nd tries for 3rd, OUT! 9-5
Top of the 8th over - 0 runs, 2 hits, 0 errors, 1 left on base; Greenville 5 - Beloit 9
BOTTOM OF THE 8TH
Beloit Snappers batting - Pitching for Greenville Drive : RHP Wing-chiu Ya
Pitching: RHP Mike Tolley
Batting: SHB John Cummings 0-0: Ball
1-0: Called Strike
1-1: Ball
2-1: Ball
3-1: Swinging Strike
3-2: Base on Balls
Batting: LHB Larry Prey 0-0: Bunted foul
0-1: Ball
1-1: Bunted foul
1-2: Foul Ball, location: 2F
1-2: Foul Ball, location: 2F
1-2: Ball
2-2: Foul Ball, location: 2F
2-2: Fly out, F8 (Flyball, 8LD, EV 98.8 MPH)
Batting: RHB Armando Estrada 0-0: Ball
1-0: Ball
2-0: Swinging Strike
2-1: Ball
3-1: Foul Ball, location: 2F
3-2: Base on Balls
John Cummings to second
Batting: LHB Tommy King 0-0: Ball
1-0: Ball
2-0: Called Strike
2-1: Called Strike
2-2: Ball
3-2: Foul Ball, location: 2F
3-2: Base on Balls
John Cummings to third
Armando Estrada to second
Batting: LHB Jonathan McDaniel 0-0: Fly out, F8 (Flyball, 8RD, EV 80.0 MPH)
Runner from 3rd tags up, SCORES, throw by CF
Armando Estrada to third
Batting: RHB Jonathan Gallup 0-0: Ball
1-0: SINGLE (Flyball, 89S, EV 95.0 MPH)
Armando Estrada scores
Tommy King to second
Runner from 2nd tries for 3rd, SAFE, throw by CF made to third
Batting: LHB Juan Villafana 0-0: Ball
1-0: Ball
2-0: Ball
3-0: Called Strike
3-1: Fly out, F9 (Line Drive, 9, EV 93.1 MPH)
Bottom of the 8th over - 2 runs, 1 hit, 0 errors, 2 left on base; Greenville 5 - Beloit 11
TOP OF THE 9TH
Greenville Drive batting - Pitching for Beloit Snappers : RHP Ari Kuusinen
Batting: RHB Dave Nickerson 0-0: Ball
1-0: Ball
2-0: Called Strike
2-1: Foul Ball, location: 2F
2-2: Strikes out looking
Batting: RHB Adugna Chandu 0-0: Ball
1-0: Foul Ball, location: 2F
1-1: Called Strike
1-2: Fly out, F6 (Popup, 5D, EV 52.5 MPH)
Batting: RHB Larry Brocato 0-0: Swinging Strike
0-1: Called Strike
0-2: Ground out 6-3 (Groundball, 56, EV 83.8 MPH)
Top of the 9th over - 0 runs, 0 hits, 0 errors, 0 left on base; Greenville 5 - Beloit 11
Wednesday, June 22nd , 2022 - OOTP Baseball 23.4 Build 64